 Dungeon Crawl Stone Soup version 0.30.1-11-g7821555f0a (webtiles) character file.

Game seed: 9552165829052249965

111 monsoonserge the Conjurer (level 4, 0/27 HPs)
             Began as a Tengu Reaver on Jan 10, 2024.
             Slain by Grinder (3 damage)
             ... on level 3 of the Dungeon.
             The game lasted 00:05:19 (2123 turns).

monsoonserge the Conjurer (Tengu Reaver)            Turns: 2123, Time: 00:05:19

Health: 0/27       AC:  9    Str: 12    XL:     4   Next: 92%
Magic:  8/8        EV:  7    Int: 15    God:
Gold:   174        SH:  7    Dex: 13    Spells: 6/7 levels left

rFire   + + .        a - +0 mace
rCold   . . .        f - +0 kite shield
rNeg    . . .        m - +2 scale mail {rF+}
rPois   .            (helmet restricted)
rElec   .            (no cloak)
rCorr   .            d - +0 pair of gloves
SInv    .            (boots unavailable)
Will    .....        (no amulet) Stlth
                     l - ring of protection from fire
HPRegen 0.24/turn    (no ring)
MPRegen 0.11/turn

%: no passive effects
@: no status effects
A: beak, talons 3
a: no special abilities


You were on level 3 of the Dungeon.
You visited 1 branch of the dungeon, and saw 3 of its levels.

You collected 174 gold pieces.

Inventory:

Hand Weapons
 a - a +0 mace (weapon)
Armour
 d - a +0 pair of gloves (worn)
 f - a +0 kite shield (worn)
 m - a +2 scale mail of fire resistance (worn)
 n - the +5 ring mail of Raxodix {rPois rCorr}
   (You found it on level 3 of the Dungeon)

   rPois:     It protects you from poison.
   rCorr:     It protects you from acid and corrosion.
Jewellery
 c - an amulet of faith
 l - a ring of protection from fire (left hand)
Scrolls
 e - 3 scrolls of identify {unknown}
 g - a scroll of fear {unknown}
 h - a scroll of torment {unknown}
 i - a scroll of magic mapping {unknown}
 k - 3 scrolls of blinking {unknown}
Potions
 b - a potion of attraction {unknown}
 j - a potion of heal wounds {unknown}


   Skills:
 + Level 2.5 Fighting
 + Level 4.3 Maces & Flails
 * Level 1.2 Armour
 + Level 2.5 Dodging
 * Level 1.4 Shields
 + Level 2.2 Spellcasting
 + Level 4.5 Conjurations


You had 6 spell levels left.
You knew the following spells:

 Your Spells              Type           Power      Damage    Failure   Level
a - Kiss of Death         Conj/Necr      32%        2d7       89%         1

Your spell library contained the following spells:

 Spells                   Type           Power      Damage    Failure   Level
 Momentum Strike          Conj/Tloc      16%        3d8       96%         2
 Freeze                   Ice            4%         1d3       99%         1
 Hailstorm                Conj/Ice       8%         3d4       99%         3
 Confusing Touch          Hex            1%         N/A       100%        3
 Frozen Ramparts          Ice            2%         1d1       100%        3
 Ignite Poison            Fire/Tmut/Pois 1%         N/A       100%        3
 Dispel Undead            Necr           1%         3d6       100%        4
 Sticky Flame             Conj/Fire      8%         2d3       100%        4
 Ignition                 Fire           0%         3d3       100%        8


Dungeon Overview and Level Annotations

Branches:
Dungeon (3/15)

Altars:

Shops:
D:3 [

Annotations:
D:3 Grinder


Innate Abilities, Weirdness & Mutations

You have a beak for a mouth.
You have claws for feet.


Message History

Grinder gestures at you. Pain shoots through your body!
Ouch! That really hurt!
Grinder blinks!
There is a stone staircase leading up here.
You climb upwards.
There is a stone staircase leading down here.
You start resting.
HP restored.
You climb downwards.
Level annotation: Grinder Grinder gestures at you.
You resist with significant effort.
Grinder blinks!
There is a stone staircase leading up here.
Found 8 stones.
Found a bloodstained ring mail and a scroll labelled ZARRIDAGGEYB.
Found a stone staircase leading up.
Found a stone staircase leading up.
You see here the +5 ring mail of Raxodix {rPois rCorr}.
n - the +5 ring mail of Raxodix {rPois rCorr} Grinder blinks!
You hit Grinder but do no damage. Your kick misses Grinder. You peck Grinder.
Grinder is lightly wounded.
Grinder zaps a wand.
The roots erupt in riotous growth!
The grasping roots grab you!
Grinder is unaffected.
The now-empty wand crumbles to dust.
The grasping roots constrict you.
Unknown command.
You closely miss Grinder. You claw Grinder.
Grinder is moderately wounded.
Grinder blinks!
The grasping roots constrict you. The grasping roots constrict you!
The roots grasp on you weakens, but your attempt to escape fails.
The grasping roots constrict you.
The grasping roots release their grip on you.
A quokka comes into view.
Grinder hits you.
* * * LOW HITPOINT WARNING * * *
You writhe in agony.
You die...

#...#.##........$.
#.#.#..# ##..####
#.#....###.... .
###.###......... .
#......#.......#
#..............<
#......##.......
#......# .......
#..@...# #......
#..5...# .(....
#<.......#######
#......###
#......# #......#
##.....r ########


You could see Grinder and a quokka (wandering).

Vanquished Creatures
  3 adders
  A gnoll (D:1)
  3 worms (D:2)
  3 bats
  4 endoplasms
  3 giant cockroaches
  3 goblins
  12 hobgoblins
  A jackal (D:2)
  6 kobolds
  5 quokkas
  6 ball pythons
  3 frilled lizards
  6 rats
59 creatures vanquished.

Notes
Turn   | Place    | Note
-------+----------+-------------------------------------------
     0 | D:1      | monsoonserge the Tengu Reaver began the quest for the Orb.
     0 | D:1      | Reached XP level 1. HP: 12/12 MP: 4/4
   106 | D:1      | Reached XP level 2. HP: 13/17 MP: 6/6
   419 | D:1      | Reached XP level 3. HP: 9/21 MP: 7/7
  1034 | D:2      | Reached skill level 1 in Shields
  1085 | D:2      | Reached XP level 4. HP: 18/27 MP: 8/8
  1629 | D:2      | Reached skill level 1 in Armour
  1909 | D:3      | Found Widogele's Armour Shoppe.
  2021 | D:3      | Noticed Grinder
  2117 | D:3      | Identified the +5 ring mail of Raxodix {rPois rCorr}
  2123 | D:3      | Slain by Grinder

Illustrated notes

Levels and vault maps discovered:
D:1:      dpeg_arrival_arbitrary_c, layout_basic
D:2:      minmay_razor_zed, layout_loops_ring
D:3:      layout_rooms, mainiacjoe_overflow_concentric_impassable, serial_shops,
          shop, uniq_grinder

Skill      XL: |  1  2  3  4 |
---------------+-------------+-----
Maces & Flails | 4 |  4.3
Shields        | 1 |  1.4
Armour         | 1 |  1.2
Fighting       | |  2.5
Dodging        | |  2.5
Spellcasting   | |  2.2
Conjurations   | |  4.5

Action                     |  1- 3 |  4- 6 || total
---------------------------+-------+-------++-------
  Melee: Mace              |    76 |    68 ||   144
         Kick              |    23 |    15 ||    38
         Peck              |     6 |     6 ||    12
 Armour: Leather armour    |    18 |    17 ||    35
  Dodge: Dodged            |    28 |    29 ||    57
  Block: Kite shield       |    18 |    32 ||    50
